 Dungeon Crawl Stone Soup version 0.31-a0-765-g67fe2935dc (webtiles) character file.

Game seed: 8584750377738595565

46 javelincjr the Conjurer (level 3, -6/21 HPs)
             Began as an Octopode Conjurer on Sept 15, 2023.
             Killed from afar by Ijyb (13 damage)
             ... with an iceblast
             ... on level 3 of the Dungeon.
             The game lasted 00:03:39 (1466 turns).

javelincjr the Conjurer (Octopode Conjurer)         Turns: 1466, Time: 00:03:40

Health: -6/21      AC:  1    Str:  6    XL:     3   Next: 66%
Magic:  1/6        EV: 13    Int: 22    God:
Gold:   118        SH:  0    Dex: 10    Spells: 4/7 levels left

rFire   . . .        f - staff of conjuration
rCold   . . .        (no shield)
rNeg    . . .        (helmet restricted)
rPois   .            (no amulet)
rElec   .            (no ring)
rCorr   .            (no ring)
SInv    .            (no ring)
Will    .....        (no ring)
Stlth   +++          (no ring)
HPRegen 0.23/turn    (no ring)
MPRegen 0.10/turn    (no ring)
                     (no ring)

%: no passive effects
@: no status effects
A: almost no armour, amphibious, 8 rings, camouflage 1, gelatinous body 1,
(nimble swimmer 1), tentacles
a: no special abilities


You were on level 3 of the Dungeon.
You visited 1 branch of the dungeon, and saw 3 of its levels.

You collected 118 gold pieces.

Inventory:

Magical Staves
 f - a staff of conjuration (weapon)
 n - a staff of death
Scrolls
 b - a scroll of fog {unknown}
 c - a scroll of enchant weapon {unknown}
 d - a scroll of enchant armour {unknown}
 e - a scroll of revelation {unknown}
 g - 2 scrolls of teleportation {unknown}
 i - a scroll of acquirement {unknown}
 j - 2 scrolls of identify {unknown}
 k - a scroll of vulnerability {unknown}
Potions
 a - a potion of magic
 h - 2 potions of attraction {unknown}
 l - a potion of cancellation {unknown}
 m - a potion of curing {unknown}


   Skills:
 + Level 2.4 Dodging
 + Level 3.4 Stealth
 * Level 2.5 Spellcasting
 * Level 4.4 Conjurations


You had 4 spell levels left.
You knew the following spells:

 Your Spells              Type           Power      Damage    Failure   Level
a - Magic Dart            Conj           100%       1d8       1%          1
b - Searing Ray           Conj           66%        2d6       3%          2

Your spell library contained the following spells:

 Spells                   Type           Power      Damage    Failure   Level
 Shock                    Conj/Air       72%        1d7       5%          1
 Summon Small Mammal      Summ           8%         N/A       13%         1
 Dazzling Flash           Conj/Hex       36%        N/A       16%         3
 Stone Arrow              Conj/Erth      36%        3d9       16%         3
 Call Canine Familiar     Summ           2%         N/A       36%         3
 Summon Guardian Golem    Hex/Summ       2%         N/A       36%         3
 Swiftness                Air            2%         N/A       36%         3
 Fulminant Prism          Conj/Hex       9%         3d7       45%         4
 Iskenderun's Mystic Bla  Conj/Tloc      18%        2d6       45%         4
 Airstrike                Air            1%         2d(1-17)  78%         4
 Leda's Liquefaction      Hex/Erth       1%         N/A       78%         4
 Petrify                  Tmut/Erth      2%         N/A       78%         4


Dungeon Overview and Level Annotations

Branches:
Dungeon (3/15)

Altars:
Fedhas

Annotations:
D:3 Ijyb, Sigmund


Innate Abilities, Weirdness & Mutations

You cannot wear most types of armour.
You are amphibious.
You can wear up to eight rings at the same time.
Your skin changes colour to match your surroundings (Stealth+).
Your rubbery body absorbs attacks. (AC +1, EV +1)
((You are camouflaged when in or above water. (Stealth+)))
You have tentacles for arms and can constrict up to eight enemies at once.


Message History

Terence misses you.
You hit Terence.
You kill Terence!
You have reached level 3!
Your experience leads to an increase in your attributes!
Increase (S)trength, (I)ntelligence, or (D)exterity?
You feel clever. x2
You start resting.
HP restored.
You start resting.
Magic restored.
Things that are here:
a +0 flail; a +0 chain mail; the human corpse of Terence
Found a stone staircase leading down.
You now have 118 gold pieces (gained 7).
Ijyb and a bat come into view.
Ijyb is wielding a +0 club and carrying a wand of iceblast.
Casting: Searing Ray (safe; 3% risk of failure)
Confirm with . or Enter, or press ? or * to list all spells.
Aiming: Searing Ray (safe; 3% risk of failure)
Press: ? - help, Shift-Dir - straight line, f - Ijyb
Aim: Ijyb, wielding a +0 club, wearing a +0 chain mail and carrying a wand of iceblast (asleep, 100% to hit)
You feel a surge of power!
The searing ray hits Ijyb.
Ijyb is moderately wounded.
Ijyb shouts! (Press . to maintain the ray.) Ijyb zaps a wand.
The mass of ice explodes!
The iceblast engulfs you!
Ouch! That really hurt!
The searing ray hits Ijyb.
Ijyb is heavily wounded.
An orc comes into view. It is wielding a +0 war axe.
The searing ray hits Ijyb but does no damage.
Ijyb is heavily wounded.
The searing ray hits Ijyb but does no damage.
Ijyb is heavily wounded.
You finish channelling your searing ray.
Sigmund the Dreaded comes into view.
He is wielding a +2 scythe of protection.
Ijyb zaps a wand.
The mass of ice explodes!
The iceblast engulfs you!
Ouch! That really hurt!
You die...

## @. #o
#.########
#b#......#
#g#.####.#
#######
#.#.####.# ....
#.<...#
#.@...##.#
....###.....#
###.#.##.#
............#
#.#.##.#
....###.....#
#>.....#
....#.......#
###.####
....#.####.##
#.# ....#.####.#
#.# ....)....#.#
#.#
#####.##.#.#####
#.#


You could see Sigmund (wandering), Ijyb, an orc and a bat.

Vanquished Creatures
  Terence (D:3)
  An endoplasm (D:1)
  2 giant cockroaches (D:1)
  2 goblins (D:1)
  3 hobgoblins
  A kobold (D:1)
  5 ball pythons
  4 bats (D:1)
19 creatures vanquished.

Notes
Turn   | Place    | Note
-------+----------+-------------------------------------------
     0 | D:1      | javelincjr the Octopode Conjurer began the quest for the
                  | Orb.
     0 | D:1      | Reached XP level 1. HP: 11/11 MP: 3/3
   188 | D:1      | Reached XP level 2. HP: 17/17 MP: 3/5
   221 | D:1      | Learned a level 2 spell: Searing Ray
   461 | D:1      | You fall into a shaft and drop 1 floor!
   476 | D:2      | Found a blossoming altar of Fedhas.
   663 | D:1      | Got the Atlas of Lithomancy and Inhalation
  1356 | D:3      | Noticed Terence
  1366 | D:3      | Killed Terence
  1367 | D:3      | Reached XP level 3. HP: 16/21 MP: 1/6
  1462 | D:3      | Noticed Ijyb
  1466 | D:3      | Noticed Sigmund
  1466 | D:3      | Killed from afar by Ijyb

Illustrated notes

Levels and vault maps discovered:
D:1:      dpeg_arrival_connections, layout_rooms, serial_bayou_lagoon_a,
          minivault_27
D:2:      layout_rooms, basic_altar
D:3:      layout_loops_cross, mainiacjoe_overflow_alcove_4,
          jmf_multi_god_temple2, makhleb_altar_promises_db, uniq_ijyb,
          uniq_terence, uniq_robin, uniq_sigmund

Skill      XL: |  1 |
---------------+----+-----
Stealth        | 3 |  3.4
Dodging        | |  2.4
Spellcasting   | |  2.5
Conjurations   | |  4.4

Action                     || total
---------------------------++-------
  Melee: Unarmed           ||     5
         Constrict         ||    10
         Tentacles         ||     7
         Staff             ||    13
   Cast: Magic Dart        ||    33
         Searing Ray       ||     2
 Armour: Skin              ||     4
  Dodge: Dodged            ||     7

Table legend: (Time is in decaauts)
 A = Elapsed time spent in this place.
 B = Non-inter-level travel time spent in this place.
 C = Inter-level travel time spent in this place.
 D = Time resting spent in this place.
 E = Time spent auto-exploring this place.
 F = Levels seen in this place.
 G = Mean time per level.
                   A        B        C        D        E       F      G
               +--------+--------+--------+--------+--------+-----+--------+
         Total |   1467 |   1397 |     70 |     50 |   1215 |   3 |  489.0 |
       Dungeon |   1467 |   1397 |     70 |     50 |   1215 |   3 |  489.0 |
               +--------+--------+--------+--------+--------+-----+--------+

Top non-repeatable levels by time:
     D:1: 930 daAuts
     D:2: 417 daAuts
     D:3: 119 daAuts
